 Dungeon Crawl Stone Soup version 0.28.0 (webtiles) character file.

Game seed: 14464795194646932914

1617 Illumine the Summoner (level 8, -5/57 HPs)
             Began as a Demigod Summoner on Feb 17, 2022.
             Killed from afar by an electric eel (9 damage)
             ... with a bolt of electricity
             ... on level 6 of the Dungeon.
             The game lasted 00:14:09 (6706 turns).

Illumine the Summoner (Demigod Summoner)            Turns: 6706, Time: 00:14:09

Health: -5/57      AC:  3    Str:  9    XL:     8   Next: 37%
Magic:  9/16       EV: 27    Int: 25    God:
Gold:   230        SH:  0    Dex: 14    Spells: 1/14 levels left

rFire   . . .      SeeInvis .   u - +0 halberd
rCold   . . .      Faith    .   (shield currently unavailable)
rNeg    . . .      Spirit   .   a - +1 robe
rPois   .          Reflect  .   (no helmet)
rElec   .          Harm     .   (no cloak)
rCorr   .          Rampage  .   (no gloves)
Will    .....                   (no boots)
Stlth   ++........              j - amulet of the acrobat
HPRegen 0.19/turn               (no ring)
MPRegen 0.15/turn               (no ring)

@: acrobatic
A: high MP 1, forlorn, divine attributes
a: no special abilities


You were on level 6 of the Dungeon.
You visited 2 branches of the dungeon, and saw 7 of its levels.

You collected 230 gold pieces.

Inventory:

Hand Weapons
 n - a +0 spear
 u - a +0 halberd (weapon)
Armour
 a - a +1 robe (worn)
Jewellery
 j - an amulet of the acrobat (around neck)
Wands
 k - a wand of flame (16)
 m - a wand of paralysis (12)
 q - a wand of acid (7)
Scrolls
 b - a scroll of magic mapping {unknown}
 d - 2 scrolls of enchant armour
 e - 2 scrolls of amnesia
 h - a scroll of blinking {unknown}
 i - 3 scrolls of teleportation
 l - a scroll of torment {unknown}
 o - a scroll of fog {unknown}
 p - a scroll of fear {unknown}
 r - a scroll of acquirement {unknown}
 s - a scroll of noise {unknown}
 v - a scroll of identify
Potions
 c - 2 potions of curing
 f - 2 potions of haste
 g - 2 potions of flight
 t - a potion of invisibility {unknown}


   Skills:
 - Level 1.7 Dodging
 - Level 1.7 Stealth
 - Level 3.5 Spellcasting
 - Level 4.0 Hexes
 + Level 8.0 Summonings
 + Level 4.2 Air Magic


You had one spell level left.
You knew the following spells:

 Your Spells              Type           Power      Damage    Failure   Level
a - Summon Small Mammal   Summ           100%       N/A       1%          1
b - Call Imp              Summ           44%        N/A       1%          2
c - Call Canine Familiar  Summ           44%        N/A       1%          3
d - Summon Guardian Gole  Hex/Summ       34%        N/A       2%          3
e - Summon Lightning Spi  Summ/Air       35%        N/A       8%          4

Your spell library contained the following spells:

 Spells                   Type           Power      Damage    Failure   Level
 Blink                    Tloc           8%         N/A       14%         2
 Lesser Beckoning         Tloc           4%         N/A       28%         3
 Manifold Assault         Tloc           4%         N/A       95%         5


Dungeon Overview and Level Annotations

Branches:
Dungeon (6/15)             Temple (1/1) D:5

Shops:
D:4 *!=*

Annotations:
D:2 Sigmund


Innate Abilities, Weirdness & Mutations

You have an increased reservoir of magic. (+10% MP)
You shall have no god before yourself.
Your divine heritage dramatically boosts your attributes as you level up.


Message History

Your lightning spire disappears in a puff of smoke!
Your guardian golem disappears in a puff of smoke!
Magic restored.
Found 9 gold pieces.
Things that are here:
a +0 mace; a +1 ring mail of fire resistance An electric eel comes into view.
The electric eel shoots out a bolt of lightning at you!
The bolt of electricity hits you!
The bolt of electricity misses your wolf.
The electric eel shoots out a bolt of lightning at you!
The bolt of electricity hits you!
Casting: Summon Guardian Golem (dangerous; 2% risk of failure)
Confirm with . or Enter, or press ? or * to list all spells.
A guardian golem appears, shielding your allies.
The electric eel shoots out a bolt of lightning at you!
The bolt of electricity hits your wolf!
Your wolf dies!
Your wolf's corpse disappears in a puff of smoke!
The bolt of electricity hits you!
Casting: Summon Guardian Golem (dangerous; 2% risk of failure)
Confirm with . or Enter, or press ? or * to list all spells.
An electric hum fills the air.
The electric eel shoots out a bolt of lightning at you!
The bolt of electricity hits you!
* * * LOW HITPOINT WARNING * * *
The bolt of electricity hits your lightning spire.
Your lightning spire completely resists.
The bolt of electricity hits your lightning spire.
Your lightning spire completely resists.
Your lightning spire cannot move out of your way!
Really attack your lightning spire?
You hit your lightning spire but do no damage.
Your lightning spire disappears in a puff of smoke!
The electric eel shoots out a bolt of lightning at you!
The bolt of electricity hits you!
* * * LOW HITPOINT WARNING * * *
The electric eel shoots out a bolt of lightning at you!
The bolt of electricity hits you!
You die...

##### ##....# #≈..≈..
≈≈≈≈... ♣≈≈≈≈.######
♣.9..@..# ♣≈.S###.#
♣.≈.###.#############
♣≈≈.≈##...)..........$
♣l≈......).)..$..#####.
.≈≈≈≈..######...#.#####.#
^...≈#......>..#.........#
.#############...#..####.#
##.##..####.#


You could see an iguana, an electric eel (ally target) and a friendly guardian
golem (summoned).

Vanquished Creatures
  A scorpion (D:5)
  An adder (D:6)
  3 ball pythons
  A giant cockroach (D:1)
  A goblin (D:2)
  2 rats
9 creatures vanquished.

Vanquished Creatures (collateral kills)
  Prince Ribbit (D:6)
  Edmund (D:5)
  An ogre (D:4)
  A phantom (D:5)
  2 bullfrogs
  A scorpion (D:6)
  A water moccasin zombie (D:5)
  A water moccasin skeleton (D:5)
  2 electric eels (D:6)
  A jelly (D:6)
  2 hounds (D:5)
  2 centaur skeletons
  3 orc priests (D:6)
  A bullfrog skeleton (D:5)
  An iguana (D:5)
  An orc wizard (D:6)
  A killer bee zombie (D:5)
  2 hound zombies (D:5)
  A hound skeleton (D:5)
  A howler monkey zombie (D:5)
  A howler monkey skeleton (D:6)
  6 gnolls
  3 adders
  2 ufetubi (D:5)
  A worm (D:2)
  7 orcs
  8 endoplasms
  A giant cockroach (D:4)
  3 goblins
  5 hobgoblins
  5 quokkas
  11 ball pythons
  4 bats
  3 frilled lizards
  8 kobolds
  4 rats (D:1)
99 creatures vanquished.

Vanquished Creatures (others)
  An ogre (D:6)
  Blork the orc (D:6)
  A hound (D:6)
  64 plants (D:6)
  2 withered plants (D:5)
69 creatures vanquished.

Grand Total: 177 creatures vanquished

Notes
Turn   | Place    | Note
-------+----------+-------------------------------------------
     0 | D:1      | Illumine the Demigod Summoner began the quest for the Orb.
     0 | D:1      | Reached XP level 1. HP: 14/14 MP: 5/5
   522 | D:1      | Reached XP level 2. HP: 12/20 MP: 4/7
   856 | D:1      | Reached skill level 4 in Summonings
   898 | D:1      | Learned a level 2 spell: Call Imp
  1651 | D:2      | Reached XP level 3. HP: 26/26 MP: 7/9
  1684 | D:2      | Noticed Sigmund
  1692 | D:2      | Learned a level 3 spell: Call Canine Familiar
  2604 | D:4      | Reached XP level 4. HP: 33/33 MP: 6/11
  2826 | D:4      | Noticed a bullfrog
  2832 | D:4      | Killed a bullfrog
  2840 | D:4      | Reached skill level 5 in Summonings
  2840 | D:4      | Reached XP level 5. HP: 30/38 MP: 6/13
  2903 | D:4      | Learned a level 3 spell: Summon Guardian Golem
  2914 | D:4      | Found Evid's Assorted Antiques.
  2941 | D:4      | Found Lukes's Jewellery Boutique.
  2955 | D:4      | Found Tauhobegg's Distillery.
  2958 | D:4      | Found Lyschuji's Assorted Antiques.
  3131 | D:4      | Noticed an ogre
  3150 | D:4      | Killed an ogre
  3151 | D:4      | Reached skill level 1 in Hexes
  3325 | D:5      | Entered Level 5 of the Dungeon
  3349 | D:5      | Reached XP level 6. HP: 45/45 MP: 8/14
  3498 | D:5      | Found a staircase to the Ecumenical Temple.
  3507 | Temple   | Entered the Ecumenical Temple
  4129 | D:5      | Noticed Edmund
  4141 | D:5      | Killed Edmund
  4142 | D:5      | Reached skill level 6 in Summonings
  4146 | D:5      | Reached XP level 7. HP: 37/50 MP: 13/15
  4921 | D:5      | Learned a level 4 spell: Summon Lightning Spire
  4928 | D:5      | Reached skill level 1 in Air Magic
  5140 | D:6      | Noticed Prince Ribbit
  5634 | D:6      | Noticed Blork the orc
  5652 | D:6      | Killed Blork the orc
  5653 | D:6      | Reached skill level 7 in Summonings
  5704 | D:6      | Killed Prince Ribbit
  5705 | D:6      | Reached XP level 8. HP: 28/57 MP: 8/16
  6630 | D:6      | Reached skill level 8 in Summonings
  6706 | D:6      | Killed from afar by an electric eel

Illustrated notes

Levels and vault maps discovered:
D:1:      saegor_arrival_miasma, layout_loops_ring, minivault_23,
          minmay_indecisive_spiral
D:2:      layout_rooms, dreamdust_ecumenical_altar_statues, uniq_sigmund
D:3:      layout_basic
D:4:      layout_rooms, minmay_shop_grid_forest
D:5:      layout_cave_pools, kiku_gazebo_garden_becter,
          minmay_temple_entry_antechambers, serial_undead, serial_undead_e,
          serial_undead_f, serial_undead_b, serial_undead_b, uniq_edmund
D:6:      layout_loops_ring, nicolae_overflow_hidden_temple, serial_bayou,
          serial_bayou_lagoon_b, serial_bayou_pond_c, serial_bayou_shore_a,
          serial_bayou_pond_d, uniq_prince_ribbit1, uniq_blork_the_orc,
          uniq_crazy_yiuf_cottage
Temple:   minmay_temple_bridge_d

Skill      XL: |  1  2  3  4  5  6  7  8 |
---------------+-------------------------+-----
Spellcasting   | 2 3 |  3.5
Summonings     | 4 5 6 7 8 |  8.0
Hexes          | 2 3 4 |  4.0
Air Magic      | 3 4 |  4.2
Dodging        | |  1.7
Stealth        | |  1.7

Action                   |  1- 3 |  4- 6 |  7- 9 || total
-------------------------+-------+-------+-------++-------
Melee: Unarmed           |    40 |     4 |       ||    44
       Punch             |     1 |       |     1 ||     2
       Spear             |       |    10 |    51 ||    61
       Halberd           |       |       |    11 ||    11
 Cast: Summon Small Mamm |    31 |     2 |       ||    33
       Call Imp          |    17 |     7 |     7 ||    31
       Call Canine Famil |     8 |    11 |    17 ||    36
       Summon Guardian G |       |     5 |    11 ||    16
       Summon Lightning  |       |       |     7 ||     7
  Use: Scroll            |       |     5 |     1 ||     6
 Stab: Sleeping          |     1 |       |       ||     1
       Distracted        |       |     1 |       ||     1
Armor: Robe              |     6 |     7 |    14 ||    27
Dodge: Dodged            |    50 |    13 |    52 ||   115
